 Dungeon Crawl Stone Soup version 0.27-a0-1501-g9d6fb14e67 (webtiles) character file.

Game seed: 12923180708421501985

65 Lekart the Skirmisher (level 3, 0/33 HPs)
             Began as a Draconian Chaos Knight on July 8, 2021.
             Was a Plaything of Xom.
             Slain by a gnoll (5 damage)
             ... on level 2 of the Dungeon.
             The game lasted 00:02:11 (1520 turns).

Lekart the Skirmisher (Draconian Chaos Knight)      Turns: 1520, Time: 00:02:11

Health: 0/33       AC:  5    Str: 14    XL:     3   Next: 92%
Magic:  4/4        EV: 12    Int: 12    God:    Xom [..*...]
Gold:   28         SH:  0    Dex: 11    Spells: 4/4 levels left

rFire    . . .     SeeInvis .   a - +0 falchion (chaos)
rCold    . . .     Faith    .   (no shield)
rNeg     . . .     Spirit   .   (armour unavailable)
rPois    .         Reflect  .   (helmet restricted)
rElec    .         Harm     .   (no cloak)
rCorr    .         Rampage  .   (no gloves)
Will     .....                  (no boots)
Stlth    +.........             (no amulet)
HPRegen  0.11/turn              (no ring)
MPRegen  0.09/turn              (no ring)

@: no status effects
A: AC +5, unfitting armour, cold-blooded, antennae 1, sense surroundings 1
a: Renounce Religion


You were on level 2 of the Dungeon.
You worshipped Xom.
You were a toy of Xom.
You visited 1 branch of the dungeon, and saw 2 of its levels.

You collected 28 gold pieces.

Inventory:

Hand Weapons
 a - a +0 falchion of chaos (weapon)
Jewellery
 e - an amulet of guardian spirit
Scrolls
 b - a scroll of magic mapping {unknown}
 d - 2 scrolls of identify {unknown}
Potions
 f - a potion of curing
 g - a potion of haste


   Skills:
 + Level 3.8 Fighting
 + Level 3.7 Long Blades
 + Level 2.6 Dodging
 * Level 1.2 Spellcasting


You had 4 spell levels left.
You didn't know any spells.
Your spell library contained the following spells:

 Spells                   Type           Power      Damage    Failure   Level
 Slow                     Hex            0%         N/A       41%         2
 Confusing Touch          Hex            0%         N/A       65%         3
 Vampiric Draining        Necr           0%         2d6       65%         3


Dungeon Overview and Level Annotations

Branches:
Dungeon (2/15)

Altars:


Innate Abilities, Weirdness & Mutations

Your plain brown scales are hard. (AC +5)
You cannot fit into any form of body armour.
You are cold-blooded and may be slowed by cold attacks.
You have a pair of small antennae on your head.
You passively map a small area around you.


Message History

You hit the gnoll but do no damage. You tail-slap the gnoll.
The gnoll is severely wounded.
The gnoll closely misses you.
You riposte.
You hit the gnoll but do no damage. Lightning courses through the gnoll!
You kill the gnoll!
The gnoll hits you with a +0 club.
You closely miss the gnoll. The gnoll barely misses you.
You barely miss the gnoll. The gnoll hits you but does no damage.
You barely miss the gnoll. The gnoll barely misses you.
You hit the gnoll.
The gnoll seems to grow stronger.
Your tail-slap misses the gnoll.
The gnoll is lightly wounded.
The gnoll barely misses you.
You riposte.
You hit the gnoll but do no damage.
The gnoll suddenly seems more agile.
The gnoll is lightly wounded.
You hit the gnoll. You burn the gnoll. You tail-slap the gnoll.
The gnoll is heavily wounded.
The gnoll closely misses you.
You barely miss the gnoll.
Your tail-slap misses the gnoll.
The gnoll is heavily wounded.
The gnoll hits you with a +0 club.
You miss the gnoll.
The gnoll is heavily wounded.
The gnoll hits you with a +0 club.
You are too injured to fight recklessly!
You are too injured to fight recklessly!
You barely miss the gnoll.
Your tail-slap misses the gnoll.
The gnoll is heavily wounded.
The gnoll hits you with a +0 club. The gnoll hits you with a +0 club!
* * * LOW HITPOINT WARNING * * *
You closely miss the gnoll.
The gnoll is heavily wounded.
You are now a toy of Xom.
The gnoll closely misses you.
You riposte.
You closely miss the gnoll.
The gnoll is heavily wounded.
You completely miss the gnoll.
The gnoll is heavily wounded.
The gnoll hits you with a +0 club.
You die... "This toy is broken."

.##.##....#.##### #†#
.##.##.#........# #.#
.##....#.##.###.#####.##
.#######.##.##.........#
## #.##.##....##..##
#.##.##.....#..#
...#.##..#.....# , ##
#.##.g##.##.#
#.##.)@.....#
#.##.###.####
.######.##.###.#
...........#<..#
*.######.########
######.#######
..........)..†#
.######.#####†# * ,
.##.. #.#


You could see a gnoll (strong, agile).

Vanquished Creatures
  2 gnolls (D:2)
  2 dart slugs (D:1)
  5 ball pythons
  3 bats
  5 endoplasms (D:1)
  A giant cockroach (D:1)
  3 hobgoblins
  4 jackals (D:1)
  3 kobolds
  A quokka (D:1)
  3 frilled lizards (D:1)
  2 goblins (D:1)
  5 rats
39 creatures vanquished.

Notes
Turn   | Place    | Note
-------+----------+-------------------------------------------
     0 | D:1      | Lekart the Draconian Chaos Knight began the quest for the
                  | Orb.
     0 | D:1      | Reached XP level 1. HP: 19/19 MP: 1/1
    54 | D:1      | Reached XP level 2. HP: 26/26 MP: 2/2
    64 | D:1      | XOM: silly message
    68 | D:1      | Found a faded altar of an unknown god.
    70 | D:1      | XOM: butterfly on damage
   432 | D:1      | XOM: silly message
   615 | D:1      | XOM: summons friendly iron imp
   619 | D:1      | Reached skill level 1 in Spellcasting
   619 | D:1      | Reached XP level 3. HP: 17/33 MP: 4/4
   670 | D:1      | XOM: silly message
   941 | D:1      | XOM: silly message
  1156 | D:2      | XOM: swap monsters
  1159 | D:2      | Gained mutation: You passively map a small area around you.
                  | [potion of mutation]
  1159 | D:2      | Gained mutation: You have a pair of small antennae on your
                  | head. [potion of mutation]
  1162 | D:2      | XOM: confuse monster(s)
  1203 | D:2      | XOM: cloud trail
  1520 | D:2      | Slain by a gnoll

Illustrated notes

Levels and vault maps discovered:
D:1:      dpeg_arrival_rooms_with_view, layout_rooms,
          dreamdust_ecumenical_altar_statues, hangedman_decor_push,
          corner_web_ring, minmay_cupped
D:2:      layout_basic

Skill      XL: |  1  2 |
---------------+-------+-----
Spellcasting   | 1 |  1.2
Fighting       | |  3.8
Long Blades    | |  3.7
Dodging        | |  2.6

Action                   || total
-------------------------++-------
Melee: Falchion          ||    94
       Tailslap          ||    11
  Use: Potion            ||     4
 Stab: Sleeping          ||     1
Armor: Skin              ||    19
Dodge: Dodged            ||    78
       Rpst.: Falchion   ||    23

Table legend: (Time is in decaauts)
 A = Elapsed time spent in this place.
 B = Non-inter-level travel time spent in this place.
 C = Inter-level travel time spent in this place.
 D = Time resting spent in this place.
 E = Time spent auto-exploring this place.
 F = Levels seen in this place.
 G = Mean time per level.
                   A        B        C        D        E       F      G
               +--------+--------+--------+--------+--------+-----+--------+
         Total |   1517 |   1488 |     29 |    436 |    790 |   2 |  758.5 |
       Dungeon |   1517 |   1488 |     29 |    436 |    790 |   2 |  758.5 |
               +--------+--------+--------+--------+--------+-----+--------+

Top non-repeatable levels by time:
     D:1: 1315 daAuts
     D:2: 202 daAuts
